 Dungeon Sprint DCSS version 0.27-a0-705-ga0013940fb (webtiles) character file.

Game seed: 3568490266563469687

43 Shayle the Skirmisher (level 3, -2/27 HPs)
             Began as a Demonspawn Berserker on Mar 22, 2021.
             Was a Believer of Trog.
             Slain by a human (6 damage)
             ... in the Dungeon (Sprint III: "The Ten Rune Challenge").
             The game lasted 00:01:31 (463 turns).

Shayle the Skirmisher (Demonspawn Berserker)         Turns: 463, Time: 00:01:32

Health: -2/27      AC:  2    Str: 16    XL:     3   Next: 37%
Magic:  12/12      EV: 16    Int:  8    God:    Trog [**....]
Gold:   23         SH:  0    Dex: 14    Spells: 2/2 levels left

rFire    . . .     SeeInvis .   a - +0 falchion
rCold    . . .     Faith    .   (no shield)
rNeg     . . .     Spirit   .   b - +0 animal skin
rPois    .         Reflect  .   (no helmet)
rElec    .         Harm     .   (no cloak)
rCorr    .         Rampage  .   (no gloves)
Will     .....     NoTele   +   (no boots)
Stlth    +.........             i - amulet of magic regeneration
HPRegen  0.09/turn              j - ring of magical power
MPRegen  0.38/turn              (no ring)

@: no status effects
A: repulsion field 2, hooves 1, agile 1, frail 1, weak 1, evolution 1, no potion
heal 1
a: Renounce Religion, Berserk, Trog's Hand


You were in the Dungeon.
You worshipped Trog.
Trog was pleased with you.
You visited 1 branch You collected 23 gold pieces.

Inventory:

Hand Weapons
 a - a +0 falchion (weapon)
Armour
 b - a +0 animal skin (worn)
Jewellery
 i - an amulet of magic regeneration (around neck)
 j - a ring of magical power (right hand)
Scrolls
 h - a scroll of blinking
 l - a scroll of holy word {unknown}
 m - a scroll of identify {unknown}
 o - a scroll of immolation {unknown}
 p - a scroll of amnesia {unknown}
Potions
 c - 2 potions of curing
 d - a potion of heal wounds
 e - a potion of haste
 f - 2 potions of magic
 g - a potion of berserk rage
 n - a potion of ambrosia {unknown}
 q - a potion of flight {unknown}


   Skills:
 + Level 4.4 Fighting
 + Level 4.0 Long Blades
 + Level 3.4 Armour
 + Level 3.4 Dodging


You had 2 spell levels left.
You didn't know any spells.
Your spell library was empty.

Dungeon Overview and Level Annotations

Branches:
Dungeon (1/1)

Altars:


Innate Abilities, Weirdness & Mutations

You are surrounded by a moderate repulsion field. (EV +3)
You have large cloven feet.
You are agile. (Dex +2)
You are frail. (-10% HP)
You are weak. (Str -2)
You evolve.
Potions are less effective at restoring your health.


Message History

The human completely misses you.
You riposte.
You miss the human. You kick the human.
The human is lightly wounded.
You closely miss the human. The human completely misses you.
You closely miss the human. Your kick misses the human.
The human closely misses you.
You riposte.
You hit the human but do no damage. Your kick misses the human.
You hit the human.
The human is lightly wounded.
The human hits you.
You hit the human but do no damage. You kick the human.
The human is lightly wounded.
The human barely misses you.
You hit the human. You kick the human.
The human is moderately wounded.
The human barely misses you.
You hit the human. Your kick misses the human.
The human is moderately wounded.
The human hits you!
You hit the human but do no damage. Your kick misses the human.
The human is moderately wounded.
The human barely misses you. The human hits you.
You closely miss the human. Your kick misses the human.
The human is moderately wounded.
The human barely misses you.
You barely miss the human.
The human is moderately wounded.
The human barely misses you.
You closely miss the human. You kick the human.
The human is heavily wounded.
The human hits you!
* * * LOW HITPOINT WARNING * * *
You hit the human. Your kick misses the human.
The human is heavily wounded.
The human barely misses you.
You riposte.
You closely miss the human.
The human is heavily wounded.
You barely miss the human. You kick the human, but do no damage.
The human is heavily wounded.
The human hits you.
You die...

▓#'####.....♣♣
▓.....#....≈.♣ ♣♣.
▓.....#...≈≈.♣♣...#
▓.....#†.≈≈≈≈...♣.+
▓####'#..≈≈≈≈≈≈♣♣.#
▓.....#.≈≈≈≈≈≈....#
▓..)..#.≈≈≈≈≈.....#
▓.....#.≈≈≈.......#
▓'#####.....p@....#
▓.................#
▓▓▓▓▓▓▓▓▓▓▓▓▓▓▓▓▓▓▓


You could see a human.

Vanquished Creatures
  Jessica (D)
  A wolf (D)
  2 oozes (D)
  A rat (D)
5 creatures vanquished.

Notes
Turn   | Place    | Note
-------+----------+-------------------------------------------
     0 | D        | Shayle the Demonspawn Berserker began the quest for the
                  | Orb.
     0 | D        | Reached XP level 1. HP: 18/18 MP: 1/1
    20 | D        | Noticed Jessica
    30 | D        | Killed Jessica
    30 | D        | Reached ** piety under Trog
    31 | D        | Gained mutation: You are surrounded by a mild repulsion
                  | field. (EV +2) [demonic ancestry]
    31 | D        | Reached XP level 2. HP: 6/25 MP: 2/2
    31 | D        | Gained mutation: You are surrounded by a moderate repulsion
                  | field. (EV +3) [demonic ancestry]
    31 | D        | Reached XP level 3. HP: 8/30 MP: 3/3
   433 | D        | Gained mutation: Your body sometimes deteriorates upon
                  | taking damage. [potion of mutation]
   433 | D        | Gained mutation: You tend to lose your temper in combat.
                  | [potion of mutation]
   433 | D        | Gained mutation: Potions are less effective at restoring
                  | your health. [potion of mutation]
   433 | D        | Gained mutation: You have an increased reservoir of magic.
                  | (+10% MP) [potion of mutation]
   434 | D        | Lost mutation: Your body sometimes deteriorates upon taking
                  | damage. [potion of mutation]
   434 | D        | Lost mutation: You tend to lose your temper in combat.
                  | [potion of mutation]
   434 | D        | Gained mutation: You are weak. (Str -2) [potion of
                  | mutation]
   434 | D        | Gained mutation: You are agile. (Dex +2) [potion of
                  | mutation]
   435 | D        | Lost mutation: You have an increased reservoir of magic.
                  | (+10% MP) [potion of mutation]
   435 | D        | Gained mutation: You are frail. (-10% HP) [potion of
                  | mutation]
   435 | D        | Gained mutation: You evolve. [potion of mutation]
   435 | D        | Gained mutation: You have large cloven feet. [potion of
                  | mutation]
   463 | D        | Slain by a human

Illustrated notes

Levels and vault maps discovered:
D:        dungeon_sprint_mu [sprint_mu_entry_forest, sprint_mu_temple_rooms,
          sprint_mu_d1_horrors, sprint_mu_d2_genie, sprint_mu_d3_branching,
          sprint_mu_orc_legion, sprint_mu_elf_gauntlet, sprint_mu_hive_nellie,
          sprint_mu_lair_fedhas, sprint_mu_vaults_butterflies,
          sprint_mu_slime_circle, sprint_mu_shoals_kraken,
          sprint_mu_snake_twists, sprint_mu_blade_basic,
          sprint_mu_crypt_fortress, sprint_mu_tomb_spiral,
          sprint_mu_vestibule_basic, sprint_mu_gehenna_hellfire,
          sprint_mu_dis_giant, sprint_mu_tartarus_statrot,
          sprint_mu_cocytus_islands, sprint_mu_zot1]

Skill      XL: |  1  2  3 |
---------------+----------+-----
Armour         | 3 |  3.4
Dodging        | 3 |  3.4
Long Blades    | 3 4 |  4.0
Fighting       | 4 |  4.4

Action                   || total
-------------------------++-------
Melee: Falchion          ||    27
       Kick              ||     5
Invok: Berserk           ||     1
  Use: Potion            ||     3
 Stab: Sleeping          ||     1
Armor: Animal skin       ||     3
Dodge: Dodged            ||    21
       Rpst.: Falchion   ||     7

Table legend: (Time is in decaauts)
 A = Elapsed time spent in this place.
 B = Non-inter-level travel time spent in this place.
 C = Inter-level travel time spent in this place.
 D = Time resting spent in this place.
 E = Time spent auto-exploring this place.
 F = Levels seen in this place.
 G = Mean time per level.
                   A        B        C        D        E       F      G
               +--------+--------+--------+--------+--------+-----+--------+
         Total |    474 |    474 |      0 |    371 |      0 |   1 |  474.0 |
       Dungeon |    474 |    474 |      0 |    371 |      0 |   1 |  474.0 |
               +--------+--------+--------+--------+--------+-----+--------+

Top non-repeatable levels by time:
       D: 474 daAuts
